 Dungeon Crawl Stone Soup version 0.17-a0-1195-g0639cb0 (console) character file.

253629 Garrluk the Peltast (level 20, -5/164 HPs)
             Began as a Formicid Fighter on June 2, 2015.
             Was the Champion of the Shining One.
             Slain by a white very ugly thing (11 damage)
             ... on level 1 of the Vaults.
             The game lasted 02:26:42 (38817 turns).

Garrluk the Peltast (Formicid Fighter)             Turns: 38817, Time: 02:26:42

Health: -5/164     AC: 37    Str: 30      XL:     20   Next: 52%
Magic:  34/34      EV: 15    Int:  8 (9)  God:    the Shining One [******]
Gold:   3791       SH: 23    Dex: 13      Spells: 0 memorised, 19 levels left

rFire  . . .     SeeInvis +     z - +2 double sword (freeze)
rCold  + . .     Clarity  +     Q - +3 chain mail of Oxzaosh {rElec MR+ rCorr Str+4}
rNeg   + + +     SustAt   .     N - +0 large shield
rPois  .         Gourm    .     (helmet unavailable)
rElec  +         Spirit   .     R - +2 cloak
rCorr  +         Warding  .     e - +2 pair of gloves
rMut   .         Stasis   +     n - +2 pair of boots
MR     +++..                    D - amulet of regeneration
Stlth  ..........               K - +3 ring of protection
                                x - +6 ring of evasion

@: marked, glowing, extremely resistant to hostile enchantments, extremely
unstealthy
A: permanent stasis, dig shafts and tunnels, four strong arms, antennae 3,
talons 1, iridescent scales 1, yellow scales 1, clarity, clever 1, clumsy 1,
cold resistance 1, high mp 1
a: Dig, Shaft Self, Divine Shield, Cleansing Flame, Summon Divine Warrior,
Renounce Religion
}: 2/15 runes: decaying, gossamer


You were on level 1 of the Vaults.
You worshipped the Shining One.
The Shining One was exalted by your worship.
You were not hungry.

You visited 7 branches of the dungeon, and saw 37 of its levels.
You also visited: Labyrinth and Sewer.

You collected 4132 gold pieces.
You spent 341 gold pieces at shops.

Notes
Turn   | Place    | Note
--------------------------------------------------------------
     0 | D:1      | Garrluk the Formicid Fighter began the quest for the Orb.
     0 | D:1      | Reached XP level 1. HP: 18/18 MP: 1/1
   138 | D:1      | Reached XP level 2. HP: 20/24 MP: 2/2
   393 | D:1      | Reached XP level 3. HP: 22/29 MP: 3/3
  1127 | D:2      | Noticed Robin
  1153 | D:2      | Reached skill level 4 in Long Blades
  1153 | D:2      | Reached XP level 4. HP: 32/35 MP: 4/4
  1169 | D:2      | Killed Robin
  1628 | D:2      | Found a glowing golden altar of the Shining One.
  1636 | D:2      | Became a worshipper of the Shining One
  1727 | D:2      | Reached XP level 5. HP: 35/41 MP: 5/5
  1867 | D:3      | Found a blossoming altar of Fedhas.
  1883 | D:3      | Reached skill level 5 in Long Blades
  1942 | D:3      | Found an iron altar of Okawaru.
  1962 | D:3      | Noticed Ijyb
  2001 | D:3      | Found a glowing drain.
  2053 | D:3      | Killed Ijyb
  2069 | Sewer    | Entered a sewer
  2217 | Sewer    | Reached skill level 6 in Long Blades
  2217 | Sewer    | Reached XP level 6. HP: 16/47 MP: 6/6
  2468 | Sewer    | Found a white marble altar of Elyvilon.
  2984 | D:4      | Found a glowing silver altar of Zin.
  3006 | D:4      | Noticed Pikel
  3006 | D:4      | Noticed a slave
  3007 | D:4      | Noticed a slave
  3007 | D:4      | Noticed a slave
  3027 | D:4      | Killed Pikel
  3027 | D:4      | Reached skill level 8 in Long Blades
  3027 | D:4      | Reached XP level 7. HP: 28/52 MP: 7/7
  3027 | D:4      | Reached XP level 8. HP: 31/58 MP: 8/8
  3028 | D:4      | Noticed a freed slave
  3092 | D:4      | Noticed Edmund
  3129 | D:4      | Killed Edmund
  3129 | D:4      | Reached skill level 9 in Long Blades
  3158 | D:4      | Noticed Duvessa
  3158 | D:4      | Noticed Dowan
  3443 | D:4      | Noticed Blork the orc
  3456 | D:4      | Killed Blork the orc
  3590 | D:4      | Killed a freed slave
  3622 | D:4      | Killed Dowan
  3622 | D:4      | Reached skill level 10 in Long Blades
  3657 | D:4      | Killed Duvessa
  3698 | D:4      | Gained mutation: You have a somewhat thin skeletal structure (Dex +2, Stealth). [potion of mutation]
  3698 | D:4      | Gained mutation: Your mind is acute. (Int +2) [potion of mutation]
  3698 | D:4      | Gained mutation: You are resistant to electric shocks. [potion of mutation]
  3865 | D:5      | Entered Level 5 of the Dungeon
  3932 | D:5      | Found a shimmering altar of Xom.
  4000 | D:5      | Acquired the Shining One's first power
  4073 | D:5      | Reached XP level 9. HP: 60/64 MP: 9/9
  4209 | D:5      | Got a bloodstained falchion
  4212 | D:5      | Identified the +2 falchion of Dim Light {flame, *Drain +Inv Dex+5 SInv} (You found it on level 5 of the Dungeon)
  4251 | D:5      | Noticed Menkaure
  4258 | D:5      | Killed Menkaure
  4258 | D:5      | Reached skill level 11 in Long Blades
  4926 | D:6      | Found a staircase to the Ecumenical Temple.
  5101 | D:6      | Found a shimmering altar of Xom.
  5199 | D:6      | Reached skill level 12 in Long Blades
  5240 | D:6      | Found a deep blue altar of Sif Muna.
  5323 | D:6      | Got a bloodstained quarterstaff
  5324 | D:6      | Identified the +2 quarterstaff "Hecho" {freeze, Int+4} (You found it on level 6 of the Dungeon)
  5667 | D:6      | Noticed Sigmund
  5680 | D:6      | Acquired the Shining One's second power
  5692 | D:6      | Killed Sigmund
  5692 | D:6      | Reached XP level 10. HP: 66/70 MP: 10/10
  5974 | D:7      | Reached skill level 13 in Long Blades
  6027 | D:7      | Noticed Crazy Yiuf
  6037 | D:7      | Killed Crazy Yiuf
  6287 | D:7      | Found an ancient bone altar of Kikubaaqudgha.
  6721 | D:8      | Reached skill level 1 in Evocations
  6771 | D:8      | Found a stormy altar of Qazlal.
  6772 | D:8      | Found a bloodstained altar of Trog.
  6776 | D:8      | Found a burning altar of Makhleb.
  6896 | D:8      | Found Qytyprip's Armour Boutique.
  6937 | D:8      | Found an ancient bone altar of Kikubaaqudgha.
  7073 | D:8      | Found a sparkling altar of Nemelex Xobeh.
  7362 | D:9      | Noticed Erica
  7807 | D:9      | Killed Erica
  7807 | D:9      | Reached skill level 14 in Long Blades
  8012 | D:9      | Reached XP level 11. HP: 64/75 MP: 14/14
  8054 | D:9      | Reached skill level 5 in Evocations
  8415 | D:9      | Lost mutation: Your mind is acute. (Int +2) [potion of cure mutation]
  8415 | D:9      | Lost mutation: You have a somewhat thin skeletal structure (Dex +2, Stealth). [potion of cure mutation]
  8415 | D:9      | Lost mutation: You are resistant to electric shocks. [potion of cure mutation]
  8417 | D:9      | Gained mutation: You expend magic power (3 MP) to strengthen your wands. [potion of mutation]
  8417 | D:9      | Gained mutation: Scrolls take you a little longer to read. [potion of mutation]
  8417 | D:9      | Gained mutation: You are partially covered in iridescent scales (AC +4). [potion of mutation]
  8537 | D:10     | Entered Level 10 of the Dungeon
  8650 | D:10     | Found a staircase to the Orcish Mines.
  8840 | D:10     | Noticed a hill giant
  8845 | D:10     | Killed a hill giant
  8845 | D:10     | Reached skill level 15 in Long Blades
  8883 | D:10     | Gained mutation: Your flesh is cold resistant. [mutagenic meat]
  8884 | D:10     | Gained mutation: Armour fits poorly on your strangely shaped body. [mutagenic meat]
  8885 | D:10     | Gained mutation: You are clumsy. (Dex -2) [mutagenic meat]
  8886 | D:10     | Gained mutation: You are partially covered in yellow scales (AC +2). [mutagenic meat]
  8887 | D:10     | Lost mutation: You expend magic power (3 MP) to strengthen your wands. [mutagenic meat]
  9033 | D:10     | Gained mutation: You have an increased reservoir of magic (+10% MP). [mutagenic meat]
  9417 | D:10     | Found a staircase to the Lair.
  9610 | D:10     | Noticed a hill giant
  9618 | D:10     | Killed a hill giant
  9681 | Lair:1   | Entered Level 1 of the Lair of Beasts
  9812 | Lair:1   | Reached XP level 12. HP: 64/81 MP: 19/19
  9967 | Lair:1   | Reached skill level 16 in Long Blades
 10079 | Lair:1   | You fall through a shaft!
 11338 | Lair:2   | Acquired the Shining One's third power
 11484 | Lair:2   | Got a translucent cloak
 11499 | Lair:2   | Identified the +0 cloak of the Depths {rC- Dex+4} (You found it on level 2 of the Lair of Beasts)
 11752 | Lair:2   | Noticed Harold
 11771 | Lair:2   | Killed Harold
 11771 | Lair:2   | Reached skill level 5 in Shields
 11872 | Lair:2   | Reached skill level 5 in Fighting
 12035 | Lair:2   | Reached skill level 5 in Armour
 12721 | Lair:3   | Reached XP level 13. HP: 70/92 MP: 22/22
 13528 | Lair:4   | Found a radiant altar of Vehumet.
 13665 | Lair:4   | Reached skill level 10 in Evocations
 13766 | Lair:4   | Found a shimmering altar of Xom.
 13982 | Lair:5   | Found a hole to the Spider Nest.
 13996 | Lair:5   | You fall through a shaft!
 14521 | Lair:5   | Noticed Rupert
 14841 | Lair:6   | Got a scorched chain mail
 14849 | Lair:6   | Identified the +3 chain mail of Oxzaosh {rElec MR+ rCorr Str+4} (You found it on level 6 of the Lair of Beasts)
 15427 | Lair:5   | Killed Rupert
 15427 | Lair:5   | Reached XP level 14. HP: 31/105 MP: 24/24
 15848 | Lair:5   | Found a staircase to the Swamp.
 16069 | Lair:7   | Acquired the Shining One's fourth power
 16172 | Lair:7   | Found a labyrinth entrance.
 16192 | Lab      | Entered a labyrinth
 16854 | Lab      | Got a twisted fire dragon armour
 16878 | Lab      | Identified the cursed +1 fire dragon armour of Greed {rF++ rC- MP+9 Str+7 Int-3 SInv} (You found it in a labyrinth)
 17151 | Lair:7   | Reached skill level 10 in Shields
 17189 | Lair:7   | Found a staircase to the Slime Pits.
 17411 | Lair:7   | Got a fine buckler
 17422 | Lair:7   | Identified the cursed +0 buckler "Ubialuf" {MR- Int+5} (You found it on level 7 of the Lair of Beasts)
 17747 | Slime:1  | Entered Level 1 of the Pits of Slime
 17747 | Slime:1  | Noticed an acid blob
 17747 | Slime:1  | Noticed an acid blob
 17934 | Lair:8   | Entered Level 8 of the Lair of Beasts
 18159 | Lair:8   | Reached skill level 10 in Fighting
 18162 | Lair:8   | Reached XP level 15. HP: 93/115 MP: 26/26
 18455 | Lair:8   | Noticed Snorg
 18474 | Lair:7   | Reached skill level 10 in Armour
 19083 | Lair:8   | Killed Snorg
 19903 | D:11     | Found Zisumiss's Antique Armour Shoppe.
 19913 | D:11     | Gained mutation: You possess an exceptional clarity of mind. [mutagenic meat]
 19914 | D:11     | Lost mutation: Armour fits poorly on your strangely shaped body. [mutagenic meat]
 19916 | D:11     | Gained mutation: You can spit weak poison. [mutagenic meat]
 19917 | D:11     | Gained mutation: Your mind is acute. (Int +2) [mutagenic meat]
 19918 | D:11     | Lost mutation: You can spit weak poison. [mutagenic meat]
 19972 | D:11     | Gained mutation: You have sharp toenails. [mutagenic meat]
 19988 | D:11     | Found Haniri's Antique Weapon Boutique.
 20078 | D:11     | Found Punok's Distillery.
 20208 | D:11     | Got a scorched chain mail
 20213 | D:11     | Identified the +4 chain mail of Salvation {Dex+2} (You found it on level 11 of the Dungeon)
 20310 | D:11     | Lost mutation: Scrolls take you a little longer to read. [mutagenic meat]
 20358 | D:11     | Noticed Sonja
 20373 | D:11     | Killed Sonja
 20678 | D:12     | Noticed Psyche
 20681 | D:12     | Killed Psyche
 20698 | D:12     | Noticed Azrael
 20698 | D:12     | Noticed Geomchi's ghost (powerful MfTm)
 20704 | D:12     | You fall through a shaft for 2 floors!
 20762 | D:14     | Reached skill level 1 in Invocations
 20827 | D:13     | Noticed Urug
 20853 | D:13     | Killed Urug
 20940 | D:13     | Got a heavily runed bone amulet
 20941 | D:13     | Identified the amulet of Loesch {Stasis Str+2 Dex+2} (You found it on level 13 of the Dungeon)
 21104 | D:13     | Reached XP level 16. HP: 121/125 MP: 28/28
 21412 | D:13     | Found a sacrificial altar of Ru.
 21651 | D:12     | Killed Azrael
 21678 | D:12     | Killed Geomchi's ghost
 22027 | D:12     | Noticed Erolcha
 22036 | D:12     | Killed Erolcha
 22430 | D:14     | Got a scorched glass ring
 22431 | D:14     | Identified the ring "Buop" {rN+ MR+ Dex+5} (You found it on level 14 of the Dungeon)
 22518 | D:14     | Found a gate to the Vaults.
 22674 | D:14     | Reached skill level 5 in Invocations
 23143 | D:15     | Entered Level 15 of the Dungeon
 23637 | D:15     | Found a staircase to the Depths.
 23787 | D:15     | Found a bloodstained altar of Trog.
 24021 | D:15     | Reached XP level 17. HP: 135/135 MP: 29/29
 24428 | Orc:1    | Entered Level 1 of the Orcish Mines
 24434 | Orc:1    | Noticed ragan's ghost (powerful HOFi)
 24507 | Orc:1    | Killed ragan's ghost
 24526 | Orc:1    | Noticed Nergalle
 24538 | Orc:1    | Killed Nergalle
 24639 | Orc:1    | Found Parph's Distillery.
 25117 | Orc:2    | Found a roughly hewn altar of Beogh.
 25697 | Orc:3    | Found a staircase to the Elven Halls.
 26410 | Orc:4    | Entered Level 4 of the Orcish Mines
 26555 | Orc:4    | Found a radiant altar of Vehumet.
 26689 | Orc:4    | Found Gukezos's Gadget Shop.
 27041 | Orc:4    | Found a roughly hewn altar of Beogh.
 27107 | Orc:4    | Found Dyma's Antique Weapon Shop.
 27167 | Orc:4    | Found Sucamach's Antique Armour Shop.
 27177 | Orc:4    | Found Joorghum's General Store.
 27201 | Orc:4    | Bought a pair of runed gloves for 130 gold pieces
 27220 | Orc:4    | Found Toon's Jewellery Shop.
 27650 | D:8      | Bought the cursed +0 scale mail of Miliopso {rElec rPois Int-2 Dex+2} for 211 gold pieces
 27843 | Spider:1 | Entered Level 1 of the Spider Nest
 28900 | Spider:2 | Noticed Arachne
 28922 | Spider:2 | Killed Arachne
 29150 | Spider:2 | Noticed Louise
 29170 | Spider:2 | Killed Louise
 29442 | Spider:2 | Reached XP level 18. HP: 145/145 MP: 30/30
 30106 | Spider:3 | Reached skill level 15 in Shields
 30241 | Spider:3 | Reached skill level 10 in Invocations
 30967 | Spider:3 | Noticed Aizul
 31002 | Spider:3 | Killed Aizul
 31243 | Spider:4 | Entered Level 4 of the Spider Nest
 31457 | Spider:4 | Noticed Kirke
 31475 | Spider:4 | Killed Kirke
 32712 | Spider:4 | Got a gossamer rune of Zot
 33239 | Swamp:1  | Entered Level 1 of the Swamp
 33279 | Swamp:1  | Noticed Josephine
 33307 | Swamp:1  | Killed Josephine
 33769 | Swamp:1  | Reached XP level 19. HP: 153/153 MP: 32/32
 33797 | Swamp:1  | You fall through a shaft!
 33829 | Swamp:2  | Noticed Nikola
 34294 | Swamp:2  | Killed Nikola
 34505 | Swamp:2  | Reached skill level 15 in Armour
 35190 | Swamp:3  | Reached skill level 15 in Fighting
 35874 | Swamp:4  | Entered Level 4 of the Swamp
 37145 | Swamp:4  | Got a decaying rune of Zot
 37363 | Swamp:4  | Reached XP level 20. HP: 137/163 MP: 33/33
 38035 | Vaults:1 | Entered Level 1 of the Vaults
 38591 | Vaults:1 | Reached skill level 17 in Shields
 38815 | Vaults:1 | HP: 1/164 [white very ugly thing (20)]
 38817 | Vaults:1 | Slain by a white very ugly thing

Inventory:

Hand weapons
 z - a +2 double sword of freezing (weapon)
   (You found it on level 6 of the Dungeon)
 B - a +4 scimitar of flaming
   (You took it off Azrael on level 12 of the Dungeon)
Armour
 e - a +2 pair of gloves (worn)
   (You bought it in a shop on level 4 of the Orcish Mines)
 n - a +2 pair of boots (worn)
   (You found it on level 6 of the Dungeon)
 N - a +0 large shield (worn)
   (You found it on level 13 of the Dungeon)
 Q - the +3 chain mail of Oxzaosh (worn) {rElec MR+ rCorr Str+4}
   (You found it on level 6 of the Lair of Beasts)

   It affects your strength (+4).
   It insulates you from electricity.
   It affects your resistance to hostile enchantments.
   It protects you from acid and corrosion.
 R - a +2 cloak (worn)
   (You took it off Nikola on level 2 of the Swamp)
 X - the +1 fire dragon armour of Greed {rF++ rC- MP+9 Str+7 Int-3 SInv}
   (You found it in a labyrinth)

   It affects your strength (+7).
   It affects your intelligence (-3).
   It greatly protects you from fire.
   It makes you vulnerable to cold.
   It affects your magic capacity (+9).
   It lets you see invisible.
Rods
 E - a +0 iron rod (5/9)
   (You found it on level 8 of the Dungeon)
Jewellery
 q - an uncursed ring of protection from cold
   (You found it on level 2 of the Dungeon)
 r - an uncursed ring of protection from fire
   (You found it on level 3 of the Lair of Beasts)
 x - a +6 ring of evasion (left hand)
   (You found it on level 5 of the Dungeon)
 D - an amulet of regeneration (around neck)
   (You found it on level 1 of the Swamp)
 F - an uncursed amulet of warding
   (You found it on level 1 of the Lair of Beasts)
 I - an uncursed amulet of resist mutation
   (You found it on level 4 of the Lair of Beasts)
 K - a +3 ring of protection (right hand)
   (You found it on level 9 of the Dungeon)
 V - the ring "Buop" {rN+ MR+ Dex+5}
   (You found it on level 14 of the Dungeon)

   [ring of protection from magic]

   It affects your dexterity (+5).
   It protects you from negative energy.
   It affects your resistance to hostile enchantments.
 Y - an uncursed ring of flight
   (You found it on level 4 of the Swamp)
Magical devices
 a - a wand of fireball (5)
   (You found it on level 2 of the Spider Nest)
 b - a wand of heal wounds (0)
   (You found it on level 7 of the Dungeon)
 d - a wand of cold (6)
   (You took it off Pikel on level 4 of the Dungeon)
 l - a wand of disintegration (13)
   (You found it on level 7 of the Lair of Beasts)
 p - a wand of enslavement (14)
   (You found it on level 2 of the Lair of Beasts)
 s - a wand of teleportation (2)
   (You found it on level 1 of the Spider Nest)
 y - a wand of digging (7)
   (You found it on level 13 of the Dungeon)
 O - a wand of paralysis (7)
   (You found it on level 2 of the Spider Nest)
Scrolls
 g - 16 scrolls of identify
 u - 5 scrolls of fear
 w - 3 scrolls of summoning
 G - 6 scrolls of magic mapping
 M - 11 scrolls of remove curse
 P - a scroll of fog
Potions
 c - 4 potions of heal wounds
 h - 5 potions of might
 j - 11 potions of curing
 v - 7 potions of lignification
 A - 4 potions of cancellation
 C - 2 potions of resistance
 W - a potion of magic
Miscellaneous
 m - a lamp of fire (inert)
   (You found it on level 4 of the Lair of Beasts)
Comestibles
 f - 16 bread rations
 i - 6 chunks of flesh
 L - 11 fruits

Table legend:
 A = Turns spent in this place as a percentage of turns spent in the entire game.
 B = Non-inter-level travel turns spent in this place as a percentage of non-inter-level travel turns spent in the entire game.
 C = Inter-level travel turns spent in this place as a percentage of turns spent in this place.
 D = Turns resting spent in this place as a percentage of non-inter-level travel turns spent in this place.
 E = Turns spent auto-exploring this place as a percentage of non-inter-level travel turns spent in this place.
 F = Non-inter-level travel turns spent in this place divided by the number of levels of this place that you've seen.
                   A       B       C       D       E      F
               +-------+-------+-------+-------+-------+----------------------
         Total | 100.0 | 100.0 |   0.6 |   0.8 |   5.0 | 437.2
       Dungeon |  34.2 |  34.2 |   0.7 |   0.5 |   6.1 | 388.9
          Lair |  22.5 |  22.4 |   1.0 |   1.0 |   5.0 | 478.4
         Swamp |  10.7 |  10.7 |   0.7 |   1.9 |   5.3 | 455.5
   Spider Nest |  14.7 |  14.8 |   0.3 |   0.9 |   4.0 | 630.8
    Slime Pits |   0.0 |   0.0 |   0.0 |   0.0 |   0.0 |   1.0
  Orcish Mines |   9.4 |   9.4 |   0.7 |   0.1 |   5.3 | 399.8
        Vaults |   3.5 |   3.5 |   0.0 |   0.3 |   3.3 | 603.0
     Labyrinth |   4.1 |   4.1 |   0.0 |   0.0 |   0.0 | 700.0
         Sewer |   0.8 |   0.8 |   0.0 |   3.5 |   4.2 | 143.0
               +-------+-------+-------+-------+-------+----------------------


   Skills:
 + Level 16.0 Fighting
 - Level 16.4 Long Blades
 + Level 16.1 Armour
 + Level 17.2 Shields
 - Level 13.1 Invocations
 - Level 14.6 Evocations


You had 19 spell levels left.
You didn't know any spells.

Dungeon Overview and Level Annotations

Branches:
Dungeon (15/15)            Temple (0/1) D:6            Lair (8/8) D:10
  Swamp (4/4) Lair:5       Spider (4/4) Lair:5        Slime (1/6) Lair:7
    Orc (4/4) D:10            Elf (0/3) Orc:3        Vaults (1/5) D:14
 Depths (0/5) D:15

Altars:
Fedhas
Kikubaaqudgha
Makhleb
Nemelex Xobeh
Okawaru
Qazlal
Ru
Sif Muna
Trog
Vehumet
Xom
Zin
The Shining One
Beogh

Shops:
D:8 [   D:11 !([   Orc:1 !   Orc:4 =(*[}

Annotations:
D:14 exclusion: door


Innate Abilities, Weirdness & Mutations

You are under a permanent stasis effect.
You can dig through walls and to a lower floor.
Your four strong arms can wield two-handed weapons with a shield.
You have a pair of large antennae on your head (SInv).
You have sharp toenails.
You are partially covered in iridescent scales (AC +4).
You are partially covered in yellow scales (AC +2).
You possess an exceptional clarity of mind.
Your mind is acute. (Int +2)
You are clumsy. (Dex -2)
Your flesh is cold resistant.
You have an increased reservoir of magic (+10% MP).


Message History

The orc knight is moderately wounded.
The trail of fire hits the orc warrior.
The orc warrior is heavily wounded.
The trail of fire misses the orc knight.
The trail of fire hits the white very ugly thing.
The white very ugly thing is heavily wounded.
The trail of fire hits the orc knight.
The orc knight is moderately wounded.
The trail of fire hits the orc warrior.
The orc warrior is almost dead.
The orc knight is engulfed in roaring flames.
The orc warrior is engulfed in roaring flames.
You kill the orc warrior!
The stone giant is engulfed in roaring flames.
You block the yaktaur captain's attack.
The white very ugly thing is engulfed in roaring flames.
The white very ugly thing stings you!
* * * LOW HITPOINT WARNING * * *
The white very ugly thing freezes you! You resist.
You die...

#.....#..#..#..#..#..#.(.
#......#..# .'..#..#..#(..
#.......#..####..#+##..'{{{
#........#.............{####
##########.............8# #
#..####.(####..#
#..#..#)(+..#{.#
#..#..)()#..#..# #########
#..####§E####..# +.#.#.'.##
#))§§o§§E§.....# #.'.'.#..#
#.@uC§8........#
#.#.#.##########c#############
'†#.#....#........#
#.#.######........#
..#......#........#{
##########........#
..#.)....#........#
#.#.#'####........+
#.#.#....'........#
#.'.#.##+#........#
#.#.'.'..#........#


You could see a white very ugly thing, a stone giant, a yaktaur captain, an orc
knight, a crystal guardian and 2 friendly fire elementals.

Table legend:
 A = Kills in this place as a percentage of kills in entire the game.
 B = Kills by you in this place as a percentage of kills by you in the entire game.
 C = Kills by friends in this place as a percentage of kills by friends in the entire game.
 D = Other kills in this place as a percentage of other kills in the entire game.
 E = Experience gained in this place as a percentage of experience gained in the entire game.
 F = Experience gained in this place divided by the number of levels of this place that you have seen.
                   A       B       C       D       E      F
               +-------+-------+-------+-------+-------+----------------------
         Total | 100.0 | 100.0 | 100.0 | 100.0 | 100.0 | 9655.7
       Dungeon |  32.0 |  32.1 |   0.0 |   0.0 |  20.4 | 5118.3
          Lair |  23.2 |  23.3 |  16.7 |   0.0 |  20.3 | 9577.2
         Swamp |  11.5 |  11.3 |  66.7 |  50.0 |  23.0 | 21666.0
   Spider Nest |  12.9 |  12.9 |  16.7 |   0.0 |  21.9 | 20600.2
  Orcish Mines |  15.5 |  15.6 |   0.0 |   0.0 |   4.7 | 4423.8
        Vaults |   4.2 |   4.1 |   0.0 |  50.0 |   9.3 | 35157.0
     Labyrinth |   0.1 |   0.1 |   0.0 |   0.0 |   0.3 | 1144.0
         Sewer |   0.6 |   0.6 |   0.0 |   0.0 |   0.0 | 119.0
               +-------+-------+-------+-------+-------+----------------------

Vanquished Creatures
  Monster Symbol All ' '
  The ghost of ragan the Blocker, a powerful HOFi of Makhleb (Orc:1)
  The ghost of Geomchi the Transmogrifier, a powerful MfTm of Cheibriados (D:12)
2 creatures vanquished. All '3' A ynoxinul (Orc:4)
1 creature vanquished. All '4' An orange demon (Orc:4)
1 creature vanquished. All '5' 10 crimson imps 2 shadow imps An ufetubus (Orc:4)
13 creatures vanquished. All '9' 3 gargoyles
3 creatures vanquished. All ';' 4 electric eels
4 creatures vanquished. All '@' Nikola (Swamp:2) Rupert (Lair:5) Kirke (Spider:4) Louise (Spider:2) Josephine (Swamp:1) Harold (Lair:2) Erica (D:9) Psyche (D:12) Sigmund (D:6) Edmund (D:4)
10 creatures vanquished. All 'A' A daeva (Spider:4)
1 creature vanquished. All 'B' A boulder beetle (Spider:1)
1 creature vanquished. All 'C' A frost giant (Vaults:1) 10 hill giants A cyclops (shapeshifter) (Vaults:1) 6 cyclopes
18 creatures vanquished. All 'D' 3 fire dragons An ice dragon (D:15) 26 hydras 14 swamp dragons A steam dragon (Lair:8) 3 mottled dragons
48 creatures vanquished. All 'E' 4 fire elementals (D:12)
4 creatures vanquished. All 'F' 23 spiny frogs 27 blink frogs 26 giant frogs
76 creatures vanquished. All 'G' A great orb of eyes (Vaults:1) A giant orange brain (Vaults:1) An eye of devastation (Lair:7) An eye of draining (Lair:7)
4 creatures vanquished. All 'H' Arachne (Spider:2) A minotaur (Lab) 4 griffons A manticore (D:11) 8 hippogriffs
15 creatures vanquished. All 'J' 36 slime creatures 7 jellies An ooze (D:1)
44 creatures vanquished. All 'K' Sonja (D:11) Pikel (D:4) A big kobold (Sewer) 20 kobolds
23 creatures vanquished. All 'M' Menkaure (D:5)
1 creature vanquished. All 'O' Erolcha (D:12) 3 ogre magi 7 two-headed ogres 13 ogres
24 creatures vanquished. All 'P' 5 briar patches (Swamp:4) 11 fungi 4 plants
20 creatures vanquished. All 'Q' 2 tengu warriors (D:14) 2 tengu conjurers (D:13)
4 creatures vanquished. All 'R' Azrael (D:12)
1 creature vanquished. All 'S' Aizul (Spider:3) 2 black mambas 18 water moccasins 15 adders 6 ball pythons
42 creatures vanquished. All 'T' Snorg (Lair:8) 6 deep trolls (Vaults:1) 7 trolls
14 creatures vanquished. All 'W' 2 freezing wraiths 4 shadows 9 wraiths 3 hungry ghosts 2 phantoms
20 creatures vanquished. All 'Y' 2 catoblepae (D:15) 10 death yaks 13 elephants 45 yaks 4 ice beasts 7 sky beasts 22 sheep
103 creatures vanquished. All 'Z' 3 centaur skeletons A centaur simulacrum (D:15) A wyvern skeleton (D:12) A giant frog zombie (D:5) 5 giant frog skeletons 10 centaur zombies A hound skeleton (D:5) 2 hound zombies A worker ant zombie (D:8) A giant gecko skeleton (D:3) A quokka zombie (D:9)
27 creatures vanquished. All 'a' 7 worker ants
7 creatures vanquished. All 'b' 12 ravens 27 bats
39 creatures vanquished. All 'c' 4 centaur warriors 5 yaktaurs (Vaults:1) 10 centaurs
19 creatures vanquished. All 'e' A deep elf knight (Vaults:1) Duvessa (D:4) 5 deep elf fighters Dowan (D:4)
8 creatures vanquished. All 'f' 2 thorn hunters 2 shambling mangroves
4 creatures vanquished. All 'g' 3 boggarts (D:13) A gnoll sergeant (D:6) Crazy Yiuf (D:7) Ijyb (D:3) Robin (D:2) 7 gnolls 29 goblins 23 hobgoblins
66 creatures vanquished. All 'h' 10 polar bears 2 raiju (Lair:8) A hog (Spider:4) 22 wolves 7 wargs (Lair:8) 4 hell hounds 12 black bears (Lair:8) 17 hounds 14 jackals
89 creatures vanquished. All 'i' 4 spriggan druids (Swamp:3) 6 spriggans
10 creatures vanquished. All 'k' 3 fire drakes 12 swamp drakes
15 creatures vanquished. All 'l' 13 komodo dragons 7 basilisks 2 wyverns 14 iguanas 5 giant geckos 3 giant newts (D:1)
44 creatures vanquished. All 'm' A merfolk (D:11)
1 creature vanquished. All 'n' 6 bog bodies 3 necrophages
9 creatures vanquished. All 'o' An orc warlord (Orc:4) Urug (D:13) Nergalle (Orc:1) An orc high priest (Orc:4) 6 orc knights 5 orc sorcerers 37 orc warriors Blork the orc (D:4) 26 orc priests 46 orc wizards 181 orcs
306 creatures vanquished. All 'p' A vault warden (Vaults:1) An ironheart preserver (Vaults:1) 4 vault guards (D:14) An entropy weaver (Spider:2) 3 wizards An ironbrand convoker (Vaults:1) A vault sentinel (Vaults:1) 4 humans (Spider:4) A slave (D:4)
17 creatures vanquished. All 'r' 11 porcupines 10 hell rats 51 river rats 2 quokkas 30 rats
104 creatures vanquished. All 's' 5 emperor scorpions 24 wolf spiders 19 orb spiders 15 demonic crawlers 19 jumping spiders 36 redbacks 26 tarantellas 17 trapdoor spiders 32 spiders 2 scorpions 4 giant cockroaches
199 creatures vanquished. All 't' A ghost crab (Swamp:4) 14 alligators 19 crocodiles
34 creatures vanquished. All 'u' 26 ugly things
26 creatures vanquished. All 'v' 4 insubstantial wisps (Swamp:1)
4 creatures vanquished. All 'w' 5 torpor snails 4 giant leeches 27 swamp worms 2 worms
38 creatures vanquished. All 'x' An unseen horror (shapeshifter) (D:14) 3 unseen horrors
4 creatures vanquished. All 'y' 3 ghost moths (Spider:4) A moth of wrath (Spider:1) 7 hornets 20 vampire mosquitoes 9 wasps 11 killer bees
51 creatures vanquished. All 'z' 4 skeletal warriors (Vaults:1)
4 creatures vanquished.
1622 creatures vanquished. Monster Nature Uniques Nikola (Swamp:2) Arachne (Spider:2) Rupert (Lair:5) Kirke (Spider:4) Aizul (Spider:3) Louise (Spider:2) Azrael (D:12) Snorg (Lair:8) Josephine (Swamp:1) Erolcha (D:12) Harold (Lair:2) Erica (D:9) Urug (D:13) Sonja (D:11) Nergalle (Orc:1) Pikel (D:4) Psyche (D:12) Duvessa (D:4) Sigmund (D:6) Menkaure (D:5) Edmund (D:4) Blork the orc (D:4) Dowan (D:4) Crazy Yiuf (D:7) Ijyb (D:3) Robin (D:2)
26 creatures vanquished. Natural Monsters A frost giant (Vaults:1) 3 ghost moths (Spider:4) 5 emperor scorpions A vault warden (Vaults:1) An orc warlord (Orc:4) An ironheart preserver (Vaults:1) The ghost of ragan the Blocker, a powerful HOFi of Makhleb (Orc:1) A minotaur (Lab) The ghost of Geomchi the Transmogrifier, a powerful MfTm of Cheibriados (D:12) 4 vault guards (D:14) 3 fire dragons A great orb of eyes (Vaults:1) An ice dragon (D:15) 26 hydras A ghost crab (Swamp:4) An entropy weaver (Spider:2) 4 centaur warriors 3 ogre magi 14 alligators 2 catoblepae (D:15) 10 death yaks 2 tengu warriors (D:14) An orc high priest (Orc:4) A deep elf knight (Vaults:1) 3 wizards 14 swamp dragons 4 spriggan druids (Swamp:3) An unseen horror (shapeshifter) (D:14) 3 unseen horrors 6 deep trolls (Vaults:1) A giant orange brain (Vaults:1) 10 hill giants 6 orc knights A cyclops (shapeshifter) (Vaults:1) An ironbrand convoker (Vaults:1) 26 ugly things 5 orc sorcerers 24 wolf spiders 6 cyclopes 19 orb spiders 36 slime creatures A moth of wrath (Spider:1) 7 hornets 2 black mambas 4 griffons A manticore (D:11) 13 elephants A vault sentinel (Vaults:1) 23 spiny frogs An eye of devastation (Lair:7) 5 torpor snails 13 komodo dragons 3 fire drakes 2 tengu conjurers (D:13) 5 yaktaurs (Vaults:1) 4 giant leeches A merfolk (D:11) 10 polar bears 7 trolls A boulder beetle (Spider:1) 12 ravens 19 jumping spiders 2 raiju (Lair:8) 7 two-headed ogres 27 blink frogs 45 yaks 36 redbacks 6 spriggans A hog (Spider:4) 5 deep elf fighters 26 tarantellas 4 humans (Spider:4) 17 trapdoor spiders 7 basilisks 2 wyverns 8 hippogriffs A steam dragon (Lair:8) 22 wolves 7 wargs (Lair:8) 27 swamp worms 3 mottled dragons 11 porcupines 12 swamp drakes 12 black bears (Lair:8) 18 water moccasins 32 spiders An eye of draining (Lair:7) 13 ogres 3 boggarts (D:13) 4 ice beasts 9 wasps 37 orc warriors 7 sky beasts A slave (D:4) 10 centaurs A big kobold (Sewer) 19 crocodiles A gnoll sergeant (D:6) 26 giant frogs 2 scorpions 4 electric eels 11 killer bees 17 hounds 7 jellies 14 iguanas 26 orc priests 46 orc wizards 7 worker ants 22 sheep 7 gnolls 15 adders 51 river rats An ooze (D:1) 2 worms 5 giant geckos 181 orcs 6 ball pythons 27 bats 4 giant cockroaches 29 goblins 23 hobgoblins 14 jackals 20 kobolds 2 quokkas 3 giant newts (D:1) 30 rats
1436 creatures vanquished. Non-Living Monsters 3 gargoyles 4 fire elementals (D:12) 4 insubstantial wisps (Swamp:1)
11 creatures vanquished. Undead Monsters 4 skeletal warriors (Vaults:1) 3 centaur skeletons 2 freezing wraiths 6 bog bodies A centaur simulacrum (D:15) 4 shadows 9 wraiths 3 hungry ghosts 20 vampire mosquitoes 2 phantoms 3 necrophages A wyvern skeleton (D:12) A giant frog zombie (D:5) 5 giant frog skeletons 10 centaur zombies A hound skeleton (D:5) 2 hound zombies A worker ant zombie (D:8) A giant gecko skeleton (D:3) A quokka zombie (D:9)
80 creatures vanquished. Demonic Monsters An orange demon (Orc:4) 15 demonic crawlers A ynoxinul (Orc:4) 4 hell hounds 10 crimson imps 10 hell rats 2 shadow imps An ufetubus (Orc:4)
44 creatures vanquished. Plants 2 thorn hunters 2 shambling mangroves 5 briar patches (Swamp:4) 11 fungi 4 plants
24 creatures vanquished.
1622 creatures vanquished. Ascending Order Nikola (Swamp:2) Arachne (Spider:2) Rupert (Lair:5) Kirke (Spider:4) A daeva (Spider:4) A frost giant (Vaults:1) A vault warden (Vaults:1) Aizul (Spider:3) Louise (Spider:2) An orc warlord (Orc:4) An ironheart preserver (Vaults:1) The ghost of ragan the Blocker, a powerful HOFi of Makhleb (Orc:1) Azrael (D:12) A minotaur (Lab) Snorg (Lair:8) The ghost of Geomchi the Transmogrifier, a powerful MfTm of Cheibriados (D:12) Josephine (Swamp:1) A great orb of eyes (Vaults:1) Erolcha (D:12) An ice dragon (D:15) Harold (Lair:2) A ghost crab (Swamp:4) An entropy weaver (Spider:2) Erica (D:9) Urug (D:13) Sonja (D:11) Nergalle (Orc:1) An orc high priest (Orc:4) A deep elf knight (Vaults:1) An unseen horror (shapeshifter) (D:14) A giant orange brain (Vaults:1) Pikel (D:4) An ironbrand convoker (Vaults:1) A cyclops (shapeshifter) (Vaults:1) A moth of wrath (Spider:1) A manticore (D:11) A vault sentinel (Vaults:1) Psyche (D:12) An eye of devastation (Lair:7) An orange demon (Orc:4) A merfolk (D:11) A boulder beetle (Spider:1) Duvessa (D:4) Sigmund (D:6) A centaur simulacrum (D:15) A hog (Spider:4) A ynoxinul (Orc:4) A steam dragon (Lair:8) Menkaure (D:5) Edmund (D:4) An eye of draining (Lair:7) A slave (D:4) A big kobold (Sewer) Blork the orc (D:4) A gnoll sergeant (D:6) A wyvern skeleton (D:12) Dowan (D:4) A giant frog zombie (D:5) Crazy Yiuf (D:7) Ijyb (D:3) A hound skeleton (D:5) A worker ant zombie (D:8) Robin (D:2) An ufetubus (Orc:4) An ooze (D:1) A giant gecko skeleton (D:3) A quokka zombie (D:9) 2 thorn hunters 2 catoblepae (D:15) 2 tengu warriors (D:14) 2 shambling mangroves 2 black mambas 2 tengu conjurers (D:13) 2 freezing wraiths 2 raiju (Lair:8) 2 wyverns 2 phantoms 2 scorpions 2 hound zombies 2 shadow imps 2 worms 2 quokkas 3 ghost moths (Spider:4) 3 fire dragons 3 ogre magi 3 wizards 3 unseen horrors 3 gargoyles 3 centaur skeletons 3 fire drakes 3 hungry ghosts 3 mottled dragons 3 boggarts (D:13) 3 necrophages 3 giant newts (D:1) 4 vault guards (D:14) 4 centaur warriors 4 skeletal warriors (Vaults:1) 4 spriggan druids (Swamp:3) 4 griffons 4 giant leeches 4 shadows 4 humans (Spider:4) 4 fire elementals (D:12) 4 insubstantial wisps (Swamp:1) 4 hell hounds 4 ice beasts 4 electric eels 4 giant cockroaches 4 plants 5 emperor scorpions 5 orc sorcerers 5 torpor snails 5 yaktaurs (Vaults:1) 5 deep elf fighters 5 giant frog skeletons 5 giant geckos 5 briar patches (Swamp:4) 6 deep trolls (Vaults:1) 6 orc knights 6 cyclopes 6 bog bodies 6 spriggans 6 ball pythons 7 hornets 7 trolls 7 two-headed ogres 7 basilisks 7 wargs (Lair:8) 7 sky beasts 7 jellies 7 worker ants 7 gnolls 8 hippogriffs 9 wraiths 9 wasps 10 death yaks 10 hill giants 10 polar bears 10 centaurs 10 crimson imps 10 centaur zombies 10 hell rats 11 porcupines 11 killer bees 11 fungi 12 ravens 12 swamp drakes 12 black bears (Lair:8) 13 elephants 13 komodo dragons 13 ogres 14 alligators 14 swamp dragons 14 iguanas 14 jackals 15 demonic crawlers 15 adders 17 trapdoor spiders 17 hounds 18 water moccasins 19 orb spiders 19 jumping spiders 19 crocodiles 20 vampire mosquitoes 20 kobolds 22 wolves 22 sheep 23 spiny frogs 23 hobgoblins 24 wolf spiders 26 hydras 26 ugly things 26 tarantellas 26 giant frogs 26 orc priests 27 blink frogs 27 swamp worms 27 bats 29 goblins 30 rats 32 spiders 36 slime creatures 36 redbacks 37 orc warriors 45 yaks 46 orc wizards 51 river rats 181 orcs
1622 creatures vanquished. The 3-digit Club 181 orcs
181 creatures vanquished.

Action                   |  1- 3 |  4- 6 |  7- 9 | 10-12 | 13-15 | 16-18 | 19-21 || total
-------------------------+-------+-------+-------+-------+-------+-------+-------++-------
Melee: Long sword        |   133 |   308 |   192 |       |       |       |       ||   633
       Falchion          |       |       |   143 |   164 |       |       |       ||   307
       Scimitar          |       |       |       |   711 |    18 |     6 |   326 ||  1061
       Double sword      |       |       |       |       |  1194 |  2004 |   592 ||  3790
Invok: Divine Shield     |       |       |       |     1 |       |       |       ||     1
       Summon Divine War |       |       |       |       |       |     1 |     1 ||     2
       Cleansing Flame   |       |       |       |       |       |       |     1 ||     1
 Abil: Dig               |     9 |    11 |    24 |    28 |    42 |    75 |       ||   189
       Shaft Self        |       |       |       |       |     2 |       |       ||     2
Evoke: Rod               |       |       |       |     6 |     1 |     8 |     7 ||    22
       Wand              |       |       |       |     5 |     2 |     9 |     4 ||    20
       Lamp of fire      |       |       |       |       |     2 |       |     1 ||     3
  Use: Scroll            |       |     6 |     5 |     4 |     9 |     4 |     3 ||    31
       Potion            |       |     5 |     2 |     6 |     3 |     4 |     2 ||    22
 Stab: Fleeing           |       |       |       |       |     1 |       |       ||     1
  Eat: Chunk             |     2 |     8 |    12 |    35 |    39 |    44 |    20 ||   160
       Fruit             |       |       |       |       |     1 |     2 |     2 ||     5
       Pizza             |       |       |       |       |     1 |       |       ||     1
       Meat ration       |       |       |       |       |     1 |       |       ||     1
       Royal jelly       |       |       |       |       |       |     2 |     2 ||     4
       Beef jerky        |       |       |       |       |       |     2 |       ||     2
